 Dungeon Crawl Stone Soup version 0.22-a0-571-g4a923d4 (webtiles) character file.

40674 Hebeh the Severer (level 13, -12/119 HPs)
             Began as a Minotaur Fighter on July 1, 2018.
             Was a High Priest of Trog.
             Drowned by a drowned soul (17 damage)
             ... summoned by a merfolk avatar
             ... on level 6 of the Lair of Beasts.
             The game lasted 00:52:41 (16950 turns).

Hebeh the Severer (Minotaur Fighter)               Turns: 16950, Time: 00:52:42

Health: -12/119    AC: 22    Str: 24    XL:     13   Next: 75%
Magic:  12/12      EV:  9    Int:  5    God:    Trog [*****.]
Gold:   753        SH: 17    Dex: 12    Spells: 12/12 levels left

rFire    + . .     SeeInvis +   a - +1 war axe
rCold    . . .     Gourm    .   c - +1 shield
rNeg     . . .     Faith    .   y - +4 scale mail {rF+}
rPois    +         Spirit   .   v - +2 hat {MR+}
rElec    .         Reflect  +   x - +2 cloak
rCorr    .         Harm     .   j - +0 pair of gloves
MR       +++..                  F - +0 pair of boots
Stlth    ..........             l - +3 amulet of reflection
HPRegen  1.29/turn              g - ring of see invisible
MPRegen  0.13/turn              q - ring of poison resistance

@: mesmerised, regenerating, very slow
A: retaliatory headbutt, horns 2
a: Berserk, Trog's Hand, Brothers in Arms, Renounce Religion


You were on level 6 of the Lair of Beasts.
You worshipped Trog.
Trog was extremely pleased with you.
You were not hungry.

You visited 3 branches of the dungeon, and saw 15 of its levels.

You collected 753 gold pieces.

Inventory:

Hand Weapons
 a - a +1 war axe (weapon)
 b - a +0 flail of protection
Missiles
 N - 11 javelins of penetration (quivered)
Armour
 c - a +1 shield (worn)
 j - a +0 pair of gloves (worn)
 v - a +2 hat of magic resistance (worn)
 x - a +2 cloak (worn)
 y - a +4 scale mail of fire resistance (worn)
 F - a +0 pair of boots (worn)
 G - a cursed +0 chain mail
Jewellery
 g - a ring of see invisible (left hand)
 k - an uncursed ring of ice {unknown}
 l - a +3 amulet of reflection (around neck)
 q - a ring of poison resistance (right hand)
 B - an uncursed ring of protection from magic {unknown}
 D - an uncursed ring of ice {unknown}
 M - an uncursed amulet of rage {unknown}
Wands
 o - a wand of digging (37)
 u - a wand of iceblast (23)
 E - a wand of flame (63)
 K - a wand of polymorph (12)
Scrolls
 h - 10 scrolls of teleportation
 m - 2 scrolls of blinking
 r - 5 scrolls of magic mapping
 t - 2 scrolls of fog
 A - a scroll of enchant weapon
 H - 2 scrolls of identify
 J - 2 scrolls of fear
 L - 2 scrolls of remove curse
 P - a scroll of torment {unknown}
 Q - a scroll of acquirement {unknown}
Potions
 d - 3 potions of might
 e - a potion of cancellation {unknown}
 i - 4 potions of haste
 n - 2 potions of curing {unknown}
 p - 3 potions of flight {unknown}
 w - a potion of agility
 z - 4 potions of lignification {unknown}
 C - 3 potions of degeneration {unknown}
 I - a potion of mutation {unknown}
Comestibles
 f - 14 rations
 O - 3 chunks of flesh


   Skills:
 + Level 12.9 Fighting
 * Level 16.9 Axes
 + Level 4.2 Throwing
 + Level 12.9 Armour
 + Level 12.9 Shields


You had 12 spell levels left.
You didn't know any spells.
Your spell library was empty.

Dungeon Overview and Level Annotations

Branches:
Dungeon (8/15)             Temple (1/1) D:4            Lair (6/6) D:8
 Shoals (0/4) Lair:2        Snake (0/4) Lair:3        Slime (0/5) Lair:6

Altars:
Ashenzari
Hepliaklqana
Kikubaaqudgha
Makhleb
Nemelex Xobeh
Okawaru
Sif Muna
Trog
Uskayaw
Vehumet
Xom
Yredelemnul
The Shining One
Jiyva

Shops:
D:4 [[

Annotations:
Lair:4 exclusion: 2 oklob plants


Innate Abilities, Weirdness & Mutations

You reflexively headbutt those who attack you in melee.
You have a pair of horns on your head.


Message History

The merfolk avatar is heavily wounded.
You slash the drowned soul! You slash the merfolk avatar!
Your headbutt misses the merfolk avatar.
The merfolk avatar is heavily wounded.
Your scale mail prevents you from hitting the drowned soul.
You closely miss the drowned soul. The drowned soul touches you.
* * * LOW HITPOINT WARNING * * *
The drowned soul drowns you!
* * * LOW HITPOINT WARNING * * *
The merfolk avatar chants its luring song.
Okay, then.
Your skin crawls.
You feel resistant to hostile enchantments.
You feel somewhat more hungry. You block the drowned soul's attack. x2
The merfolk avatar chants its luring song.
Eat one of 3 chunks of flesh? (ye/n/q)
You eat one of the 15 rations.
That ration really hit the spot!
The drowned soul touches you. The drowned soul drowns you!
You die...

..≈...≈####################≈##≈#.
...≈##≈#≈≈8#.≈≈P≈P≈≈≈.#8≈≈#≈#...#
...≈≈≈≈≈≈≈≈#≈≈≈≈≈≈≈≈≈≈#≈≈≈≈P≈≈..#
..P≈≈≈≈#≈≈≈#≈≈≈P≈≈≈≈≈≈# ≈≈≈≈≈≈.#≈
#≈#≈..≈#≈≈≈#≈≈≈≈≈≈≈≈≈≈#≈≈≈≈≈#.≈≈#
##≈≈##≈#≈≈≈≈P≈≈$[!:≈≈≈.≈#≈#≈#.≈≈#
#≈#≈≈≈≈≈≈8≈≈≈≈≈[WW}P≈≈#≈≈≈≈≈≈≈≈≈≈
###.≈≈≈≈≈8≈≈P≈P$mW/P≈≈#≈≈≈≈≈≈≈≈.#
#...#≈#≈≈≈≈≈≈≈|@W[≈≈≈#≈≈P[≈##..#
##≈≈##≈#≈≈≈#≈≈≈≈≈≈≈≈≈≈#≈≈≈≈≈##≈.#
#.#.≈≈≈#≈≈≈#≈≈≈≈≈P#≈≈≈#≈P≈≈P≈≈≈..
.#.≈≈≈≈≈≈≈ #≈≈≈≈#≈≈≈≈≈#≈≈≈≈≈≈P...
...≈#.≈.≈≈ #8≈≈≈≈≈≈≈≈.#.≈≈#≈#.≈..
....##≈.########.#.#######.≈##≈..
....P≈≈≈≈≈≈≈P≈≈≈≈≈≈≈≈≈P≈≈≈≈≈≈≈...
....≈≈≈≈≈≈≈≈≈P≈≈≈≈≈≈≈≈≈≈≈≈≈P≈≈≈..
.....#≈≈#.≈≈.#≈≈..≈≈##≈≈#.≈≈##...


You could see a merfolk avatar and 4 drowned souls.

Vanquished Creatures
  Gastronok (Lair:2)
  3 hydras
  Urug (Lair:5)
  A harpy (Lair:6)
  A manticore (Lair:6)
  12 elephants
  6 black mambas
  2 torpor snails
  13 spiny frogs
  7 rime drakes
  8 komodo dragons
  7 polar bears
  Prince Ribbit (D:7)
  3 hornets (Lair:6)
  4 blink frogs (Lair:2)
  A wind drake (Lair:6)
  8 hippogriffs
  27 yaks
  4 hogs (D:8)
  4 wyverns (Lair:6)
  3 basilisks
  A human (D:8)
  3 vampire mosquitoes (Lair:3)
  Menkaure (D:7)
  2 steam dragons
  2 insubstantial wisps (Lair:3)
  Edmund (D:4)
  A soldier ant (D:7)
  12 water moccasins
  13 porcupines
  Duvessa (D:4)
  10 ice beasts
  2 ogres
  3 black bears
  4 orc warriors
  A phantom (D:6)
  5 centaurs
  22 crocodiles
  14 bullfrogs
  Dowan (D:4)
  2 scorpions
  5 killer bees (D:8)
  3 wights (D:8)
  An electric eel (Lair:5)
  4 crimson imps
  3 hounds
  A jelly (D:6)
  Crazy Yiuf (D:4)
  An orc priest (D:6)
  9 orc wizards
  A centaur skeleton (D:7)
  Terence (D:3)
  9 iguanas
  5 worker ants
  A worker ant zombie (D:6)
  Robin (D:2)
  12 gnolls
  9 adders
  2 oozes
  An adder skeleton (D:6)
  A worm (D:2)
  3 dart slugs
  2 leopard geckos
  28 orcs
  7 bats
  5 giant cockroaches
  19 goblins
  10 hobgoblins
  8 jackals
  4 kobolds
  7 quokkas
  2 ball pythons
  3 frilled lizards
  7 rats
  5 fungi
  2 plants
401 creatures vanquished.

Vanquished Creatures (others)
  Sonja (Lair:1)
  A manticore (Lair:6)
  A spiny frog (Lair:2)
  A centaur (D:7)
  A gnoll (D:8)
  8 fungi
  10 plants
23 creatures vanquished.

Grand Total: 424 creatures vanquished

Notes
Turn   | Place    | Note
-------+----------+-------------------------------------------
     0 | D:1      | Hebeh the Minotaur Fighter began the quest for the Orb.
     0 | D:1      | Reached XP level 1. HP: 19/19 MP: 0/0
   123 | D:1      | Reached XP level 2. HP: 27/27 MP: 1/1
   177 | D:1      | Reached skill level 3 in Axes
   667 | D:2      | Noticed Robin
   675 | D:2      | Killed Robin
   675 | D:2      | Reached XP level 3. HP: 26/33 MP: 2/2
  1065 | D:2      | Reached XP level 4. HP: 40/40 MP: 3/3
  1102 | D:2      | Reached skill level 4 in Axes
  1387 | D:2      | Found a shimmering altar of Xom.
  1388 | D:2      | Found a basalt altar of Yredelemnul.
  1722 | D:3      | Reached XP level 5. HP: 44/47 MP: 4/4
  1882 | D:3      | Noticed Terence
  1892 | D:3      | Killed Terence
  1983 | D:3      | Reached skill level 5 in Axes
  2243 | D:3      | Found a faded altar of an unknown god.
  2479 | D:4      | Reached XP level 6. HP: 53/55 MP: 5/5
  2593 | D:4      | Found a staircase to the Ecumenical Temple.
  2599 | Temple   | Entered the Ecumenical Temple
  2641 | Temple   | Became a worshipper of Trog the Wrathful
  2665 | D:4      | Noticed Edmund
  2687 | D:4      | Killed Edmund
  2687 | D:4      | Reached skill level 5 in Fighting
  2687 | D:4      | Reached skill level 5 in Armour
  2687 | D:4      | Reached skill level 5 in Shields
  2984 | D:4      | Found Fayggaa's Antique Armour Shoppe.
  3018 | D:4      | Found Vetsupn's Armour Emporium.
  3185 | D:4      | Noticed Dowan
  3185 | D:4      | Noticed Duvessa
  3195 | D:4      | Killed Duvessa
  3199 | D:4      | Killed Dowan
  3199 | D:4      | Reached skill level 6 in Axes
  3199 | D:4      | Reached XP level 7. HP: 43/61 MP: 6/6
  3397 | D:4      | Found a runed door.
  3401 | D:4      | Noticed Crazy Yiuf
  3405 | D:4      | Killed Crazy Yiuf
  3464 | D:5      | Entered Level 5 of the Dungeon
  3561 | D:5      | Found a deep blue altar of Sif Muna.
  3785 | D:5      | Reached skill level 7 in Axes
  3893 | D:5      | Reached * piety under Trog
  4435 | D:5      | Noticed a steam dragon
  4442 | D:5      | Killed a steam dragon
  4442 | D:5      | Reached XP level 8. HP: 62/70 MP: 7/7
  4740 | D:6      | Reached skill level 8 in Axes
  4995 | D:6      | Found a sparkling altar of Nemelex Xobeh.
  5078 | D:6      | Reached skill level 9 in Axes
  5502 | D:6      | Reached XP level 9. HP: 79/79 MP: 8/8
  6046 | D:7      | Reached ** piety under Trog
  6069 | D:7      | Found a flagged portal.
  6333 | D:7      | Reached skill level 10 in Axes
  6574 | D:7      | Noticed Prince Ribbit
  6596 | D:7      | Killed Prince Ribbit
  6659 | D:7      | Noticed Menkaure
  6664 | D:7      | Killed Menkaure
  6664 | D:7      | Reached skill level 11 in Axes
  6938 | D:8      | Found a staircase to the Lair.
  7095 | D:8      | Reached XP level 10. HP: 69/90 MP: 9/9
  7287 | D:8      | Found a shattered altar of Ashenzari.
  7324 | D:8      | Reached *** piety under Trog
  7879 | Lair:1   | Entered Level 1 of the Lair of Beasts
  8045 | D:8      | Reached skill level 12 in Axes
  9183 | Lair:1   | Noticed a spiny frog
  9190 | Lair:1   | Killed a spiny frog
  9319 | Lair:1   | Noticed Sonja
  9343 | Lair:1   | Killed Sonja
  9649 | Lair:2   | Reached XP level 11. HP: 93/99 MP: 10/10
  9697 | Lair:2   | Reached skill level 10 in Fighting
  9702 | Lair:2   | Reached skill level 10 in Shields
  9711 | Lair:2   | Found a frozen archway.
  9723 | Lair:2   | Reached skill level 10 in Armour
  9725 | Lair:2   | Reached **** piety under Trog
  9725 | Lair:2   | Reached skill level 13 in Axes
 10125 | Lair:2   | Found a staircase to the Shoals.
 10206 | Lair:2   | Noticed Gastronok
 10222 | Lair:2   | Noticed a five-headed hydra
 10528 | Lair:2   | Killed a five-headed hydra
 10572 | Lair:2   | Killed Gastronok
 10572 | Lair:2   | Reached skill level 14 in Axes
 11354 | Lair:3   | Reached XP level 12. HP: 69/110 MP: 11/11
 11465 | Lair:3   | Reached ***** piety under Trog
 11497 | Lair:3   | Noticed a four-headed hydra
 11513 | Lair:3   | Killed a four-headed hydra
 11959 | Lair:3   | Found a staircase to the Snake Pit.
 12428 | Lair:4   | Received a gift from Trog
 12451 | Lair:4   | Reached skill level 15 in Axes
 12623 | Lair:4   | Found a dark tunnel.
 13676 | Lair:5   | Noticed Urug
 13694 | Lair:5   | Killed Urug
 13793 | Lair:5   | Reached skill level 1 in Throwing
 14724 | Lair:6   | Entered Level 6 of the Lair of Beasts
 14729 | Lair:6   | Reached XP level 13. HP: 111/118 MP: 12/12
 14803 | Lair:6   | Reached skill level 16 in Axes
 15353 | Lair:6   | Received a gift from Trog
 15947 | Lair:6   | Found a staircase to the Slime Pits.
 15947 | Lair:6   | Found a viscous altar of Jiyva.
 16944 | Lair:6   | HP: 5/119 [drowned by a drowned soul[a merfolk avatar] (14)]
 16948 | Lair:6   | HP: 2/119 [drowned by a drowned soul[a merfolk avatar] (11)]
 16950 | Lair:6   | Drowned by a drowned soul

Vault maps used:
D:1:      dpeg_arrival_ternary, minmay_misc_feat_encased, minmay_misc_feat_iff,
          hex_large
D:2:      gammafunk_temple_overflow_statue, uniq_robin
D:3:      minmay_wonky_spiral, chequers_ecumenical_altar_twisty, uniq_terence
D:4:      minmay_temple_entry_hall, serial_shops, shop, shop, first_ration,
          uniq_duvessa, uniq_crazy_yiuf_cottage, uniq_edmund
D:5:      kennysheep_steamy, basic_altar, minmay_misc_feat_square
D:6:      basic_altar
D:7:      minmay_cornered_nines, enter_bailey_8, uniq_menkaure,
          uniq_prince_ribbit1
D:8:      lair_entry_dummy, grunt_livestock, ashenzari_altar_1
Temple:   regret_index_temple_chain_breaker
Lair:1:   grunt_megastairs_4, uniq_sonja
Lair:2:   minmay_shoals_entry_centaurs, portal_ice_cave_entry_ice_beasts,
          uniq_gastronok
Lair:3:   beast_lair_carwin_large_3, dummy_snake_entry, pond
Lair:4:   enter_volcano_2, grunt_forest_stairs_basic, minivault_19,
          minivault_27, minmay_lair_oklob_chamber
Lair:5:   uniq_urug
Lair:6:   gammafunk_lair_ancient_temple, slime_altar_1

Skill      XL: |  1  2  3  4  5  6  7  8  9 10 11 12 13 |
---------------+----------------------------------------+-----
Axes           | 3 4 5 6 7 9 11 12 14 15 16 | 16.9
Armour         | 4 5 6 7 8 9 11 12 | 12.9
Fighting       | 4 5 6 7 8 9 11 12 | 12.9
Shields        | 4 5 6 7 8 9 11 12 | 12.9
Throwing       | 1 4 |  4.2

Action                   |  1- 3 |  4- 6 |  7- 9 | 10-12 | 13-15 || total
-------------------------+-------+-------+-------+-------+-------++-------
Melee: War axe           |    95 |   157 |   345 |   642 |   244 ||  1483
       Headbutt          |    10 |    28 |    70 |   153 |    63 ||   324
       Flail             |       |       |       |    30 |     6 ||    36
Throw: Javelin           |       |       |       |       |     8 ||     8
Invok: Trog's Hand       |       |       |       |       |     1 ||     1
Evoke: Wand              |       |       |       |     1 |       ||     1
  Use: Scroll            |       |     5 |     6 |     5 |       ||    16
       Potion            |       |       |       |       |     1 ||     1
  Eat: Chunk             |     1 |     5 |    14 |    15 |     7 ||    42
       Ration            |       |       |     1 |     2 |     1 ||     4
Armor: Scale mail        |    47 |    54 |   125 |   243 |   108 ||   577
Dodge: Dodged            |    28 |    41 |    88 |   158 |    66 ||   381
Block: Shield            |    44 |   130 |   281 |   511 |   224 ||  1190
       Reflection        |       |     2 |    11 |     4 |     6 ||    23

Table legend:
 A = Spawn XP
 B = Non-spawn XP
 C = Spawn XP percentage of total XP
 D = Spawn monster count
 E = Non-spawn monster count
 F = Spawn count percentage of total count
 G = Total turns spent on level
                    A         B        C        D         E        F      G
               +---------+---------+-------+---------+---------+-------+---------
         Total |       0 |   58106 |   0.0 |       0 |     399 |   0.0 | 16950
               +---------+---------+-------+---------+---------+-------+---------
           D:1 |       0 |      34 |   0.0 |       0 |      19 |   0.0 |   667
           D:2 |       0 |     143 |   0.0 |       0 |      34 |   0.0 |  1040
           D:3 |       0 |     178 |   0.0 |       0 |      28 |   0.0 |   710
           D:4 |       0 |     466 |   0.0 |       0 |       9 |   0.0 |   984
           D:5 |       0 |     772 |   0.0 |       0 |      26 |   0.0 |  1309
           D:6 |       0 |    1401 |   0.0 |       0 |      28 |   0.0 |  1080
           D:7 |       0 |    2456 |   0.0 |       0 |      38 |   0.0 |  1214
           D:8 |       0 |    2769 |   0.0 |       0 |      28 |   0.0 |  1449
        Lair:1 |       0 |    2656 |   0.0 |       0 |      15 |   0.0 |  1125
        Lair:2 |       0 |    9408 |   0.0 |       0 |      35 |   0.0 |  1552
        Lair:3 |       0 |    6361 |   0.0 |       0 |      31 |   0.0 |  1275
        Lair:4 |       0 |    6890 |   0.0 |       0 |      34 |   0.0 |  1208
        Lair:5 |       0 |    4871 |   0.0 |       0 |      14 |   0.0 |  1421
        Lair:6 |       0 |   19701 |   0.0 |       0 |      60 |   0.0 |  1853
               +---------+---------+-------+---------+---------+-------+---------
